 Dungeon Crawl Stone Soup version 0.28-a0-932-g843f935a50 (webtiles) character file.

Game seed: 14736788271354555324

28 enile the Skirmisher (level 3, 0/30 HPs)
             Began as a Formicid Abyssal Knight on Nov 28, 2021.
             Was a Follower of Lugonu.
             Slain by an adder (1 damage)
             ... on level 2 of the Dungeon.
             The game lasted 00:05:08 (1405 turns).

enile the Skirmisher (Formicid Abyssal Knight)      Turns: 1405, Time: 00:05:08

Health: 0/30       AC:  3    Str: 17    XL:     3   Next: 30%
Magic:  4/4        EV: 11    Int: 10    God:    Lugonu [*.....]
Gold:   47         SH:  0    Dex: 11    Spells: 1/4 levels left

rFire   . . .      SeeInvis +   a - +2 falchion
rCold   . . .      Faith    .   (no shield)
rNeg    . . .      Spirit   .   b - +0 leather armour
rPois   .          Reflect  .   (helmet unavailable)
rElec   .          Harm     .   (no cloak)
rCorr   .          Rampage  .   (no gloves)
Will    .....                   (no boots)
Stlth   +.........              (no amulet)
HPRegen 0.10/turn               (no ring)
MPRegen 0.09/turn               (no ring)

@: lethally poisoned (0 -> -3)
A: permanent stasis, dig shafts and tunnels, antennae 3, four strong arms
a: Dig, Shaft Self, Renounce Religion, Depart the Abyss


You were on level 2 of the Dungeon.
You worshipped Lugonu.
Lugonu was aware of your devotion.
You visited 1 branch of the dungeon, and saw 2 of its levels.
You visited the Abyss 1 time.

You collected 47 gold pieces.

Inventory:

Hand Weapons
 a - a +2 falchion (weapon)
 c - a +0 great sword
Missiles
 f - 22 stones
Armour
 b - a +0 leather armour (worn)
Scrolls
 e - a scroll of teleportation {unknown}


   Skills:
 - Level 4.0 Fighting
 - Level 2.0 Long Blades
 - Level 1.0 Throwing
 - Level 2.1 Armour
 - Level 1.0 Dodging
 - Level 1.0 Stealth
 - Level 1.0 Spellcasting
 + Level 0.0 Poison Magic
 - Level 2.1 Invocations


You had one spell level left.
You knew the following spells:

 Your Spells              Type           Power      Damage    Failure   Level
a - Mephitic Cloud        Conj/Pois/Air  0%         N/A       77%         3

Your spell library contained the following spells:

 Spells                   Type           Power      Damage    Failure   Level
 Ignite Poison            Fire/Tmut/Pois 0%         N/A       77%         3
 Freezing Cloud           Conj/Ice/Air   0%         6-21      100%        5


Dungeon Overview and Level Annotations

Branches:
Dungeon (2/15)

Altars:

Shops:
D:1 :=(

Annotations:
D:1 1 runed translucent door


Innate Abilities, Weirdness & Mutations

You cannot be hasted, slowed, berserked, paralysed or teleported.
You can dig through walls and to a lower floor.
You have a pair of large antennae on your head. (SInv)
Your four strong arms can wield two-handed weapons with a shield.


Message History

You feel sick. The endoplasm freezes you.
You are frozen.
The adder barely misses you.
You miss the adder.
The adder is almost dead.
You feel sick.
You are no longer poisoned.
The adder barely misses you. The endoplasm completely misses you.
The adder barely misses you. The endoplasm freezes you.
You are frozen.
* * * LOW HITPOINT WARNING * * *
Okay, then.
Okay, then.
You extend your mandibles.
You dig through the rock wall.
The endoplasm freezes you.
You are frozen.
* * * LOW HITPOINT WARNING * * *
You retract your mandibles.
Found 18 bolts.
The adder barely misses you.
You miss the adder.
The adder is almost dead.
The adder completely misses you.
You closely miss the adder.
The adder is almost dead.
The adder closely misses you. The adder bites you but does no damage.
You miss the adder.
The adder is severely wounded.
The adder bites you.
* * * LOW HITPOINT WARNING * * *
You are poisoned.
The adder poisons you!
Okay, then.
As you read the scroll labelled MEEBROFURPH, it crumbles to dust.
It is a scroll of enchant weapon.
Your +1 falchion glows red for a moment.
You feel sick. The adder bites you.
* * * LOW HITPOINT WARNING * * *
The adder bites you.
You die...

#####.#.#.####.##......
#.......#........#.
###.##..#.#.####.#
#..#..#.#....#
##.#..#.#.##.# .
....#.#....#
.(....#.#.#..# {
#..##.SJ####{
+....@#...# #..######.#
#. .# #


You could see an adder and an endoplasm.

Vanquished Creatures
  2 giant cockroaches (D:1)
  6 goblins (D:1)
  4 hobgoblins
  3 ball pythons (D:1)
  5 bats
  3 frilled lizards (D:1)
  A kobold (D:1)
  3 rats
27 creatures vanquished.

Notes
Turn   | Place    | Note
-------+----------+-------------------------------------------
     0 | Abyss:1  | enile the Formicid Abyssal Knight began the quest for the
                  | Orb.
     0 | Abyss:1  | Reached XP level 1. HP: 18/18 MP: 2/2
     0 | D:1      | Escaped the Abyss
     0 | D:1      | Noticed a jelly
     3 | D:1      | Found a runed translucent door.
   103 | D:1      | Reached * piety under Lugonu
   426 | D:1      | Reached XP level 2. HP: 21/25 MP: 3/3
   584 | D:1      | Reached skill level 4 in Fighting
   584 | D:1      | Reached skill level 1 in Dodging
   765 | D:1      | Found Huliqei's Jewellery Boutique.
   771 | D:1      | Reached skill level 1 in Spellcasting
   789 | D:1      | Found Fezabbet's Weapon Boutique.
   934 | D:1      | Reached XP level 3. HP: 30/30 MP: 4/4
   949 | D:1      | Reached skill level 1 in Stealth
   953 | D:1      | Learned a level 3 spell: Mephitic Cloud
  1092 | D:1      | Found Qukokky's Book Shoppe.
  1377 | D:2      | Reached skill level 1 in Throwing
  1405 | D:2      | HP: 1/30 [adder (4)]
  1405 | D:2      | Slain by an adder

Illustrated notes

Levels and vault maps discovered:
D:1:      dpeg_arrival_caged_fury, layout_loops_cross, serial_shops,
          shop_fountains, nicolae_shop_waterfront,
          nicolae_shop_bloodbath_and_beyond
D:2:      layout_basic, shapermc_ecumenical_altar_ellora, minmay_3d_cube

Skill      XL: |  1  2  3 |
---------------+----------+-----
Fighting       | 4 |  4.0
Dodging        | 1 |  1.0
Spellcasting   | 1 |  1.0
Stealth        | 1 |  1.0
Throwing       | 1 |  1.0
Long Blades    | |  2.0
Armour         | |  2.1
Invocations    | |  2.1

Action                   || total
-------------------------++-------
Melee: Falchion          ||    89
Invok: Depart the Abyss  ||     1
 Abil: Dig               ||     1
  Use: Scroll            ||     1
 Stab: Sleeping          ||     1
Armor: Leather armour    ||    34
Dodge: Dodged            ||    57

Table legend: (Time is in decaauts)
 A = Elapsed time spent in this place.
 B = Non-inter-level travel time spent in this place.
 C = Inter-level travel time spent in this place.
 D = Time resting spent in this place.
 E = Time spent auto-exploring this place.
 F = Levels seen in this place.
 G = Mean time per level.
                   A        B        C        D        E       F      G
               +--------+--------+--------+--------+--------+-----+--------+
         Total |   1423 |   1419 |      4 |      0 |   1142 |   3 |  474.3 |
       Dungeon |   1423 |   1419 |      4 |      0 |   1142 |   2 |  711.5 |
         Abyss |      0 |      0 |      0 |      0 |      0 |   1 |    0.0 |
               +--------+--------+--------+--------+--------+-----+--------+

Top non-repeatable levels by time:
     D:1: 1183 daAuts
     D:2: 239 daAuts
